Description

On maps with a safe natural, you can get a 1:48 Nexus by summoning the Zoraya Legion (the Void Rays) to destroy the rocks. From there, proceed with the rest of your normal build.

Check out CtG on YouTube, CtG on Twitch, and CtG on Patreon

VOD

https://youtu.be/ONhbMXNlXKM

Replay - Zeratul Top Bar Fast Expand

Build Order

Get SALT Encoding   

  12  0:04  Probe (Chrono Boost)  
  13  0:17  Probe (Chrono Boost)  
  14  0:31  Probe (Chrono Boost)  
  15  0:46  Probe (Chrono Boost)  
  17  1:00  Probe (Chrono Boost)  
  17  1:10  Zoraya Legion  Attack your (and your partner's) natural rocks
  17  1:49  Ancient Nexus  
  17  1:55  Probe (Chrono Boost)  
  18  2:10  Xel'Naga Passageway  
  18  2:15  Probe (Chrono Boost)  
  19  2:29  Probe (Chrono Boost)  
  20  2:43  Probe (Chrono Boost)  
  21  3:16  Core Forge  
  21  3:21  Zoraya Legion  Summon them as needed for defense
  21  3:41  Probe (Chrono Boost)  
  23  3:57  Xel'Naga Passageway  
Spawning Tool Build Advisor. Get it on Overwolf

Go to:

Details

  • Created by: StoicLoofah
  • Published on: Nov 18, 2018
  • Modified on: Nov 18, 2018
  • Patch: 4.0.0
Show
View Real Time Build Order
Export as new Build Order

Comments (0)

There are no comments. Be the first!

Create an account to comment!